 Dungeon Crawl Stone Soup version 0.24-a0-581-gc0fa6600bf (webtiles) character file.

Game seed: 12475051262867867009

1358 Flugkiller the Ruffian (level 8, 0/109 HPs)
             Began as a Purple Draconian Transmuter on Aug 23, 2019.
             Was a Follower of Makhleb.
             Succumbed to an orc wizard's poison
             ... on level 6 of the Dungeon.
             The game lasted 00:09:43 (6399 turns).

Flugkiller the Ruffian (DrTm)                       Turns: 6399, Time: 00:09:43

Health: 0/109      AC: 24    Str: 14    XL:     8   Next: 37%
Magic:  10/14      EV:  2    Int: 19    God:    Makhleb [*.....]
Gold:   172        SH:  0    Dex: 11    Spells: 5/15 levels left

rFire    . . .     SeeInvis .     - Unarmed
rCold    . . .     Gourm    .   (no shield)
rNeg     + + +     Faith    .   (armour unavailable)
rPois    +         Spirit   .   (helmet currently unavailable)
rElec    .         Reflect  .   (cloak currently unavailable)
rCorr    .         Harm     .   (gloves currently unavailable)
MR       +....     NoTele   +   (boots currently unavailable)
Stlth    +.........             (no amulet)
HPRegen  0.28/turn              w - ring of poison resistance
MPRegen  0.14/turn              C - ring of teleportation (curse)

@: lethally poisoned (0 -> -26), tree-form, very slightly contaminated
A: (breathe power), unfitting armour, clever 1, robust 1, strong 1, AC +6
a: Renounce Religion


You were on level 6 of the Dungeon.
You worshipped Makhleb.
Makhleb was aware of your devotion.
You were not hungry.
You were a tree.
You visited 2 branches of the dungeon, and saw 7 of its levels.

You collected 172 gold pieces.

Inventory:

Missiles
 a - 46 arrows
 r - 2 throwing nets
 s - 6 poisoned darts (quivered)
Armour
 k - a +2 pair of boots (melded)
   (You found it on level 1 of the Dungeon)
 o - a scarf of resistance (melded)
   (You found it on level 3 of the Dungeon)
 q - a +0 shield
   (You found it on level 3 of the Dungeon)
 B - a +1 pair of gloves (melded)
   (You found it on level 6 of the Dungeon)
Jewellery
 w - a ring of poison resistance (left branch)
   (You found it on level 4 of the Dungeon)
 C - a cursed ring of teleportation (right branch)
   (You found it on level 6 of the Dungeon)
Wands
 x - a wand of acid (12)
   (You found it on level 5 of the Dungeon)
Scrolls
 m - 3 scrolls of teleportation
 p - 3 scrolls of amnesia
 v - a scroll of fog {unknown}
Potions
 e - a potion of degeneration {unknown}
 f - 2 potions of agility
 h - 2 potions of mutation
 i - a potion of lignification
 l - a potion of berserk rage {unknown}
 t - a potion of resistance {unknown}
 z - a potion of ambrosia {unknown}
 A - a potion of magic {unknown}
Comestibles
 c - 11 rations
 g - a chunk of flesh


   Skills:
 + Level 4.9 Fighting
 + Level 3.7 Dodging
 + Level 5.7 Unarmed Combat
 - Level 4.0 Spellcasting
 + Level 5.6 Transmutations
 - Level 3.1 Invocations


You had 5 spell levels left.
You knew the following spells:

 Your Spells              Type           Power        Failure   Level  Hunger
a - Beastly Appendage     Tmut           ####..       1%          1    None
b - Sticks to Snakes      Tmut           ####....     1%          2    ##.....
c - Spider Form           Tmut/Pois      ##........   13%         3    ###....
d - Ice Form              Ice/Tmut       ##......     38%         4    ####...

Your spell library contained the following spells:

 Spells                   Type           Power        Failure   Level  Hunger
 Blade Hands              Tmut           ####......   36%         5    ######.


Dungeon Overview and Level Annotations

Branches:
Dungeon (6/15)             Temple (1/1) D:4

Altars:
Ashenzari
Cheibriados
Dithmenos
Elyvilon
Fedhas
Gozag
Hepliaklqana
Kikubaaqudgha
Makhleb
Nemelex Xobeh
Qazlal
Ru
Sif Muna
Trog
Uskayaw
Vehumet
Wu Jian
Xom
Yredelemnul
Zin
The Shining One


Innate Abilities, Weirdness & Mutations

((You can breathe bolts of dispelling energy.))
((Your rich purple scales are hard. (AC +6)))
You cannot fit into any form of body armour.
((You are cold-blooded and may be slowed by cold attacks.))
Your mind is acute. (Int +2)
You are robust. (+10% HP)
Your muscles are strong. (Str +2)


Message History

Okay, then.
You smack the bullfrog!
The bullfrog is almost dead.
* * * LOW HITPOINT WARNING * * *
You feel sick.
The bullfrog hits you but does no damage. x2
The orc hits you but does no damage.
The bullfrog hits you but does no damage.
You hit the bullfrog.
You kill the bullfrog!
Makhleb accepts your kill.
* * * LOW HITPOINT WARNING * * *
You feel sick. Something hits you but does no damage.
The bullfrog barely misses you. The orc hits you but does no damage.
You closely miss the bullfrog.
The bullfrog is moderately wounded.
* * * LOW HITPOINT WARNING * * *
You feel sick. Something hits you but does no damage.
You are more poisoned.
The bullfrog hits you but does no damage.
The orc hits you but does no damage.
You completely miss the bullfrog.
The bullfrog is moderately wounded.
* * * LOW HITPOINT WARNING * * *
You feel sick.
The bullfrog hits you but does no damage.
Something hits you but does no damage.
You are more poisoned.
The bullfrog hits you but does no damage.
You smack the bullfrog!
You kill the bullfrog!
Makhleb accepts your kill.
You feel better.
* * * LOW HITPOINT WARNING * * *
You feel very sick. The orc hits you with a +0 dagger.
* * * LOW HITPOINT WARNING * * *
You hear some strange, mumbled words.
Something tries to affect you, but you resist.
You completely miss something.
* * * LOW HITPOINT WARNING * * *
You feel sick. The orc hits you but does no damage.
You hear some strange, mumbled words.
Something tries to affect you, but you resist.
You smack the orc!
You kill the orc!
Makhleb accepts your kill.
You die...

,,,,,,*
*,.....,**,,.,,,,,,,,,,*
,,,,,,*
*.......#*,,,,,,,,,,,,,*
*******
#.......#********,,,,,,*
* #.......# *,,,,,,* *
#.......# *,,,,,,* *
##.......# *,,,,,,* ***
#.....#..# *,,,,,,* ,,*
#......).#######**,,,,,,*
,,*
#.....[)♣.......,,,,,,,,*
,,*
#......{########*,,,,,,,,
,,*
##......######.,,,,,,,,,,
,,*
#.............**,,,,,,,,
***
#.............**,,,,,,,,
###......o....**,,,,,,,,
###.........**,,,,,,,,
#......>..*********,
#.........* *,


There were no monsters in sight!

Vanquished Creatures
  A sky beast (D:5)
  2 ogres
  2 bullfrogs (D:6)
  Blork the orc (D:6)
  A scorpion (D:5)
  A howler monkey (D:5)
  4 orc priests
  3 hounds
  A bullfrog skeleton (D:4)
  An iguana (D:5)
  Natasha (thrice) (D:3)
  4 worker ants (D:5)
  A worker ant zombie (D:5)
  13 adders
  3 gnolls (D:3)
  3 river rats (D:4)
  2 shadow imps (D:5)
  An ooze (D:3)
  4 worms
  2 dart slugs
  8 leopard geckos
  16 orcs
  2 ball pythons
  2 giant cockroaches
  8 goblins
  6 hobgoblins
  4 jackals (D:3)
  4 quokkas
  6 bats
  5 frilled lizards
  A jackal zombie (D:5)
  11 kobolds
  7 rats
133 creatures vanquished.

Vanquished Creatures (collateral kills)
  An ogre (D:5)
  A scorpion (D:4)
  A leopard gecko (D:5)
  A ball python (D:4)
4 creatures vanquished.

Grand Total: 137 creatures vanquished

Notes
Turn   | Place    | Note
-------+----------+-------------------------------------------
     0 | D:1      | Flugkiller the Draconian Transmuter began the quest for the
                  | Orb.
     0 | D:1      | Reached XP level 1. HP: 16/16 MP: 3/3
   280 | D:1      | Reached XP level 2. HP: 23/23 MP: 5/5
   727 | D:2      | Reached XP level 3. HP: 23/28 MP: 6/6
   740 | D:2      | Learned a level 2 spell: Sticks to Snakes
   744 | D:2      | Learned a level 3 spell: Spider Form
  1396 | D:2      | Reached XP level 4. HP: 24/35 MP: 7/7
  2005 | D:3      | Noticed Natasha
  2010 | D:3      | Killed Natasha
  2010 | D:3      | Reached XP level 5. HP: 40/40 MP: 4/8
  2232 | D:3      | Noticed Natasha
  2245 | D:3      | Killed Natasha
  2291 | D:3      | Reached skill level 5 in Transmutations
  2700 | D:3      | Noticed Natasha
  2710 | D:3      | Killed Natasha
  3079 | D:3      | Found a blossoming altar of Fedhas.
  3830 | D:4      | Reached XP level 6. HP: 10/51 MP: 9/9
  4326 | D:4      | Found a staircase to the Ecumenical Temple.
  4338 | Temple   | Entered the Ecumenical Temple
  4453 | Temple   | Became a worshipper of Makhleb the Destroyer
  4918 | D:5      | Entered Level 5 of the Dungeon
  5151 | D:4      | Your scales start taking on a rich purple colour.
  5151 | D:4      | Reached XP level 7. HP: 57/57 MP: 7/10
  5184 | D:5      | Reached skill level 1 in Invocations
  5205 | D:5      | Reached skill level 5 in Unarmed Combat
  5276 | D:5      | Gained mutation: Your mind is acute. (Int +2) [potion of
                  | mutation]
  5276 | D:5      | Gained mutation: Your muscles are strong. (Str +2) [potion
                  | of mutation]
  5276 | D:5      | Gained mutation: You are robust. (+10% HP) [potion of
                  | mutation]
  5437 | D:5      | Reached * piety under Makhleb
  5495 | D:5      | Learned a level 4 spell: Ice Form
  5798 | D:5      | Reached XP level 8. HP: 72/72 MP: 12/14
  5891 | D:5      | Found an ornate altar of the Wu Jian Council.
  5937 | D:5      | Found a shimmering blue altar of Sif Muna.
  6041 | D:5      | Found a snail-covered altar of Cheibriados.
  6048 | D:5      | Found a sacrificial altar of Ru.
  6119 | D:6      | Noticed Blork the orc
  6134 | D:6      | Killed Blork the orc
  6395 | D:6      | HP: 5/109 [poisoned by an orc wizard]
  6399 | D:6      | Succumbed to an orc wizard's poison

Levels and vault maps discovered:
D:1:      lemuel_arrival_behind_the_door_small, layout_loops_cross
D:2:      layout_loops_ring
D:3:      layout_basic, fedhas_altar_fruit_tree, serial_forest,
          infiniplex_forest_split, infiniplex_forest_lined_ring,
          infiniplex_forest_straight_3, infiniplex_forest_end_2,
          infiniplex_forest_lined_3, infiniplex_forest_clump_long,
          infiniplex_forest_diagonal, uniq_natasha
D:4:      layout_rooms, minmay_temple_entry_drinking_statues, first_ration,
          lightli_sewer_entry_pipes, st_stairs_14
D:5:      layout_rooms, gammafunk_temple_overflow_forgotten, marbit_many_paths,
          grunt_decor_cap
D:6:      layout_basic, kennysheep_windowed_goal, uniq_blork_the_orc
Temple:   kb_temple_of_zot

Skill      XL: |  1  2  3  4  5  6  7 |
---------------+----------------------+-----
Unarmed Combat | 4 5 |  5.7
Transmutations | 3 4 5 |  5.6
Fighting       | 3 4 |  4.9
Dodging        | 2 3 |  3.7
Invocations    | 3 |  3.1
Spellcasting   | 4 |  4.0

Action                   |  1- 3 |  4- 6 |  7- 9 || total
-------------------------+-------+-------+-------++-------
Melee: Unarmed           |   133 |   305 |   151 ||   589
       Tailslap          |    11 |    22 |    13 ||    46
       Kick              |     3 |       |       ||     3
       Punch             |     2 |       |     1 ||     3
       Headbutt          |     1 |     1 |     1 ||     3
 Cast: Beastly Appendage |     5 |     2 |     2 ||     9
       Spider Form       |     3 |    11 |     8 ||    22
       Sticks to Snakes  |     1 |    10 |     5 ||    16
 Abil: Breathe Dispellin |       |       |     1 ||     1
  Use: Scroll            |     2 |     1 |     9 ||    12
       Potion            |       |     2 |     2 ||     4
 Stab: Sleeping          |     3 |       |     1 ||     4
       Distracted        |       |     1 |       ||     1
  Eat: Chunk             |     2 |    15 |     5 ||    22
Armor: Skin              |    45 |    82 |    49 ||   176
Dodge: Dodged            |    84 |   159 |   115 ||   358

Table legend:
 A = Non-vault XP
 B = Vault XP
 C = Vault XP percentage of total XP
 D = Non-vault monster count
 E = Vault monster count
 F = Vault count percentage of total count
                 A         B        C        D         E       F
            +---------+---------+-------+---------+---------+-------
      Total |    1713 |     227 |  11.7 |     125 |      12 |   8.8
            +---------+---------+-------+---------+---------+-------
        D:1 |      35 |       0 |   0.0 |      18 |       0 |   0.0
        D:2 |      66 |       0 |   0.0 |      22 |       0 |   0.0
        D:3 |     200 |      71 |  26.2 |      35 |       4 |  10.3
        D:4 |     293 |      62 |  17.5 |      19 |       7 |  26.9
        D:5 |     834 |       0 |   0.0 |      24 |       0 |   0.0
        D:6 |     285 |      94 |  24.8 |       7 |       1 |  12.5
            +---------+---------+-------+---------+---------+-------
